 Dungeon Crawl Stone Soup version 0.25-a0-413-g3b4b6a4 (webtiles) character file.

Game seed: 798438768089958139, levelgen mode: deterministic

173 EternalFade the Ducker (level 5, -4/41 HPs)
             Began as a Merfolk Skald on Jan 15, 2020.
             Was a Follower of Sif Muna.
             Slain by Grinder (6 damage)
             ... while paralysed by Grinder
             ... on level 4 of the Dungeon.
             The game lasted 00:16:08 (3776 turns).

EternalFade the Ducker (Merfolk Skald)              Turns: 3776, Time: 00:16:09

Health: -4/41      AC:  3    Str: 13    XL:     5   Next: 53%
Magic:  9/9        EV:  2    Int: 12    God:    Sif Muna [*.....]
Gold:   184        SH:  0    Dex: 13    Spells: 4/9 levels left

rFire    . . .     SeeInvis .   x - +0 short sword (vamp) {!w}
rCold    . . .     Gourm    .   (no shield)
rNeg     . . .     Faith    .   b - +0 leather armour
rPois    .         Spirit   .   (no helmet)
rElec    .         Reflect  .   (no cloak)
rCorr    .         Harm     .   (no gloves)
MR       .....                  (no boots)
Stlth    +.........             (no amulet)
HPRegen  0.13/turn              (no ring)
MPRegen  0.11/turn              (no ring)

@: paralysed, infused
A: change form in water, swift swim, stealthy swim
a: Channel Magic, Renounce Religion


You were on level 4 of the Dungeon.
You worshipped Sif Muna.
Sif Muna was aware of your devotion.
You were not hungry.

You visited 1 branch of the dungeon, and saw 4 of its levels.

You collected 184 gold pieces.

Inventory:

Hand Weapons
 a - a +0 spear
 x - a +0 vampiric short sword (weapon) {!w}
   (You took it off a kobold on level 3 of the Dungeon)
 z - a +0 trident
   (You found it on level 3 of the Dungeon)
Missiles
 g - 121 stones (quivered)
 y - 28 poisoned darts
Armour
 b - a +0 leather armour (worn)
 t - a +0 cloak
   (You found it on level 2 of the Dungeon)
 u - a +0 cloak
   (You found it on level 2 of the Dungeon)
 A - a +0 plate armour
   (You found it on level 3 of the Dungeon)
Magical Staves
 C - an uncursed staff of conjuration {unknown}
   (You found it on level 4 of the Dungeon)
Jewellery
 m - a cursed -3 ring of intelligence {unknown}
   (You found it on level 1 of the Dungeon)
Scrolls
 d - 3 scrolls of magic mapping {unknown}
 h - a scroll of noise {unknown}
 i - a scroll of enchant weapon {unknown}
 j - 3 scrolls of amnesia
 k - 3 scrolls of remove curse {unknown}
 o - 3 scrolls of random uselessness {unknown}
 q - 3 scrolls of identify {@r1}
 r - 2 scrolls of fear {unknown}
 B - a scroll of immolation {unknown}
Potions
 f - 2 potions of curing {unknown}
 l - 3 potions of brilliance
 n - a potion of ambrosia {unknown}
 p - 2 potions of agility {unknown}
 s - 3 potions of degeneration {unknown}
 v - a potion of cancellation {unknown}
 w - a potion of flight {unknown}
Comestibles
 e - 6 rations {!d}


   Skills:
 + Level 3.3 Fighting
 + Level 1.1 Short Blades
 - Level 3.9 Polearms
 - Level 0.6 Armour
 + Level 4.1 Dodging
 + Level 2.8 Spellcasting
 + Level 4.1 Charms


You had 4 spell levels left.
You knew the following spells:

 Your Spells              Type           Power        Failure   Level  Hunger
a - Infusion              Chrm           ##..         6%          1    #......
q - Song of Slaying       Chrm           ##......     9%          2    ###....
A - Shroud of Golubria    Chrm/Tloc      #.....       21%         2    ###....

Your spell library contained the following spells:

 Spells                   Type           Power        Failure   Level  Hunger
 Ozocubu's Armour         Chrm/Ice       #.......     38%         3    ###....
 Spectral Weapon          Hex/Chrm       #.......     38%         3    ###....


Dungeon Overview and Level Annotations

Branches:
Dungeon (4/15)
 Temple: D:4-7

Altars:
Hepliaklqana
Ru
Sif Muna
Trog
Yredelemnul

Annotations:
D:4 Grinder


Message History

You now have 171 gold pieces (gained 12).
Found a stone staircase leading down.
There is a stone staircase leading down here.
Found 13 gold pieces.
All of the chunks of flesh in your inventory have rotted away.
You now have 184 gold pieces (gained 13).
Found a hand axe.
You see here a hand axe.
Found a stone staircase leading down.
Grinder comes into view.
Grinder shouts!
A rock wall.
Grinder gestures at you. You resist with significant effort.
Casting: Infusion (safe; 6% risk of failure)
You begin infusing your attacks with magical energy.
Grinder gestures at you.
You suddenly lose the ability to move!
Grinder hits you.
You writhe in agony.
Grinder says, "Just stop there for a second..."
Grinder hits you but does no damage. Grinder hits you. x2
You writhe in agony.
Grinder hits you!
* * * LOW HITPOINT WARNING * * *
You writhe in agony.
* * * LOW HITPOINT WARNING * * *
You can move again.
You are too injured to fight recklessly!
You hit Grinder. Grinder hits you.
* * * LOW HITPOINT WARNING * * *
You writhe in agony.
* * * LOW HITPOINT WARNING * * *
Grinder hits you.
* * * LOW HITPOINT WARNING * * *
As you read the scroll labeled ZYMYNI WIDGHA, it crumbles to dust.
It is a scroll of amnesia.
Okay, then.
Grinder gestures at you.
You barely resist. You closely miss Grinder. Grinder completely misses you.
As you read the scroll labeled ASTODU ERPHO, it crumbles to dust.
It is a scroll of identify.
l - 3 potions of brilliance Grinder gestures at you.
You suddenly lose the ability to move!
Grinder gestures at you. You resist with significant effort. Grinder hits you.
You die...

..##########
.........5>#
..########@#
####.#
#....#
#.####
#.##.#
#....###
####...#
###.# #.#


You could see Grinder.

Vanquished Creatures
  2 hounds (D:4)
  2 adders (D:2)
  2 worms (D:2)
  3 dart slugs
  3 leopard geckos
  An orc (D:3)
  A ball python (D:2)
  7 giant cockroaches
  8 goblins
  8 hobgoblins
  5 jackals
  2 quokkas
  8 bats
  2 frilled lizards (D:2)
  8 kobolds
  13 rats
75 creatures vanquished.

Notes
Turn   | Place    | Note
-------+----------+-------------------------------------------
     0 | D:1      | EternalFade the Merfolk Skald began the quest for the Orb.
     0 | D:1      | Reached XP level 1. HP: 16/16 MP: 3/3
   345 | D:1      | Reached XP level 2. HP: 23/23 MP: 1/5
   795 | D:1      | Reached XP level 3. HP: 25/28 MP: 6/6
  1765 | D:2      | Reached XP level 4. HP: 34/34 MP: 3/7
  1854 | D:2      | Found a shimmering blue altar of Sif Muna.
  1854 | D:2      | Found a sacrificial altar of Ru.
  1855 | D:2      | Found a basalt altar of Yredelemnul.
  1883 | D:2      | Became a worshipper of Sif Muna the Loreminder
  1887 | D:2      | Learned a level 2 spell: Song of Slaying
  1890 | D:2      | Learned a level 2 spell: Shroud of Golubria
  2988 | D:3      | Found a bloodstained altar of Trog.
  3117 | D:3      | Reached * piety under Sif Muna
  3337 | D:4      | Reached XP level 5. HP: 38/41 MP: 2/9
  3432 | D:4      | Found a hazy altar of Hepliaklqana.
  3485 | D:4      | Reached skill level 1 in Short Blades
  3755 | D:4      | Noticed Grinder
  3765 | D:4      | Paralysed by Grinder for 6 turns
  3771 | D:4      | HP: 1/41 [Grinder (3)]
  3774 | D:4      | Paralysed by Grinder for 5 turns
  3776 | D:4      | Slain by Grinder

Levels and vault maps discovered:
D:1:      elethiomel_arrival_infinity_welcomes_careful_drivers, layout_basic
D:2:      layout_rooms, gammafunk_temple_overflow_forgotten
D:3:      layout_basic, lightli_temple_of_fire, st_stairs_14,
          wad_rectangle_vault, uniq_sigmund
D:4:      layout_basic, lemuel_coloured_pillars_altar, kennysheep_mini,
          uniq_grinder, uniq_edmund, uniq_natasha

Skill      XL: |  1  2  3  4  5 |
---------------+----------------+-----
Dodging        | 3 4 |  4.1
Fighting       | 3 |  3.3
Charms         | 4 |  4.1
Short Blades   | 1 |  1.1
Polearms       | |  3.9
Armour         | |  0.6
Spellcasting   | |  2.8

Action                   |  1- 3 |  4- 6 || total
-------------------------+-------+-------++-------
Melee: Spear             |   151 |    57 ||   208
       Short sword       |       |    99 ||    99
 Cast: Infusion          |     6 |     7 ||    13
  Use: Scroll            |       |     2 ||     2
 Stab: Sleeping          |     2 |       ||     2
  Eat: Chunk             |     3 |     3 ||     6
       Ration            |       |     1 ||     1
Armor: Leather armour    |    24 |    33 ||    57
Dodge: Dodged            |    77 |   106 ||   183

Table legend:
 A = Non-vault XP
 B = Vault XP
 C = Vault XP percentage of total XP
 D = Non-vault monster count
 E = Vault monster count
 F = Vault count percentage of total count
                 A         B        C        D         E       F
            +---------+---------+-------+---------+---------+-------
      Total |     240 |       8 |   3.2 |      72 |       3 |   4.0
            +---------+---------+-------+---------+---------+-------
        D:1 |      47 |       0 |   0.0 |      28 |       0 |   0.0
        D:2 |      76 |       0 |   0.0 |      26 |       0 |   0.0
        D:3 |      22 |       8 |  26.7 |      14 |       3 |  17.6
        D:4 |      95 |       0 |   0.0 |       4 |       0 |   0.0
            +---------+---------+-------+---------+---------+-------
